AoeStats
← RedPhosphoru

Arabia

509475815Analyzed
1v1 RM · 6d ago on Sep 26, 2026· 17m 53s· 2 players
Game mode
Random Map
Map size
Tiny (2 player)
Population
200
Speed
Normal
Resources
Standard
Victory
Conquest
Starting age
Dark Age
Ending age
Imperial Age
RankedLock teamsTeams togetherTeam positionsShared explorationLock speedFull tech treeHidden civsTurbo modeCheats
Victory
Defeat
🇺🇸 Saxons · United States
2470
+2
🇧🇷 Mongols · Brazil
1982
-2
RedPhosphoru
10:05 Feudal Age
8:39 Loom
10:27 Feudal Age
14:32 Castle Age
13:55 Double-Bit Axe
Jeffin
5:50 Loom
7:45 Feudal Age
6:34 Loom
8:21 Double-Bit Axe
14:00 Double-Bit Axe
Connection lost

Rejoining the realm…

Still unreachable

The connection could not be restored.

Session expired

The server has moved on; the page needs a fresh start.